 Dungeon Crawl Stone Soup version 0.32-a0-656-g3542139 (webtiles) character file.

Game seed: 11068219682979252875

87898 Doldom the Severer (level 15, -9/141 HPs)
             Began as a Minotaur Fighter on Mar 8, 2024.
             Was a High Priest of Okawaru.
             Mangled by Donald
             ... wielding a +0 scimitar
              (17 damage)
             ... on level 1 of the Spider Nest.
             The game lasted 00:59:23 (22743 turns).

Doldom the Severer (Minotaur Fighter)              Turns: 22743, Time: 00:59:23

Health: -9/141     AC: 39    Str: 31    XL:     15   Next: 45%
Magic:  25/25      EV:  8    Int:  8    God:    Okawaru [*****.]
Gold:   456        SH:  0    Dex: 19    Spells: 14/14 levels left

rFire   + . .        r - +2 executioner's axe (elec)
rCold   + + .        (shield currently unavailable)
rNeg    . . .        w - +15 Maxwell's patent armour {-Cast -Tele rElec Will+ rCorr}
rPois   +            (helmet restricted)
rElec   +            W - +2 cloak {Stlth+}
rCorr   +            (no gloves)
SInv    .            Q - +2 pair of boots
Will    ++...        K - amulet of the Well-Known Runes {Acrobat rElec rF+ Int+3} Stlth
                     E - ring of Ewuomaz {rF+ Str+4 Dex+2}
HPRegen 0.43/turn    d - ring of Fotuoss {rElec rPois rF- rC++ Dex+6}
MPRegen 0.19/turn

%: no teleportation, no spellcasting, acrobat
@: studying 2 skills
A: horns 2, retaliatory headbutt
a: Renounce Religion, Heroism, Finesse, Duel


You were on level 1 of the Spider Nest.
You worshipped Okawaru.
Okawaru was extremely pleased with you.
You visited 5 branches of the dungeon, and saw 20 of its levels.
You also visited: Bailey, Gauntlet and Ice Cave.

You collected 2949 gold pieces.
You spent 2493 gold pieces at shops.

Inventory:

Hand Weapons
 r - a +2 executioner's axe of electrocution (weapon)
 R - the +9 mace "Epheym Rido" {drain, Fly rCorr Int-2 Stlth+}
   (You found it on level 8 of the Dungeon)

   Int-2:     It affects your intelligence (-2).
   Fly:       It grants you flight.
   rCorr:     It protects you from acid and corrosion.
   Stlth+:    It makes you more stealthy.
 V - a +0 scimitar of flaming
Missiles
 k - 13 curare-tipped darts (quivered)
 m - 31 poisoned darts
 Y - 5 silver javelins
Armour
 w - the +15 Maxwell's patent armour (worn) {-Cast -Tele rElec Will+ rCorr}
   (Okawaru gifted it to you on level 11 of the Dungeon)

   rElec:     It insulates you from electricity.
   Will+:     It increases your willpower.
   -Cast:     It prevents spellcasting.
   -Tele:     It prevents most forms of teleportation.
   rCorr:     It protects you from acid and corrosion.
 Q - a +2 pair of boots (worn)
 W - a +2 cloak of stealth (worn)
Jewellery
 a - a ring of protection from cold
 d - the ring of Fotuoss (right hand) {rElec rPois rF- rC++ Dex+6}
   (You took it off a minotaur in a Gauntlet)

   [ring of dexterity]

   Dex+6:     It affects your dexterity (+6).
   rF-:       It makes you vulnerable to fire.
   rC++:      It greatly protects you from cold.
   rElec:     It insulates you from electricity.
   rPois:     It protects you from poison.
 f - the ring "Vacisego" {Dex+4 SInv}
   (You took it off a gnoll sergeant on level 11 of the Dungeon)

   [ring of see invisible]

   Dex+4:     It affects your dexterity (+4).
   SInv:      It lets you see invisible.
 s - an amulet of faith
 v - a ring of resist corrosion
 A - a ring of wizardry
 B - a ring of flight
 E - the ring of Ewuomaz (left hand) {rF+ Str+4 Dex+2}
   (You found it in a Gauntlet)

   [ring of protection from fire]

   Str+4:     It affects your strength (+4).
   Dex+2:     It affects your dexterity (+2).
   rF+:       It protects you from fire.
 K - the amulet of the Well-Known Runes (around neck) {Acrobat rElec rF+ Int+3}
   (You found it in a Gauntlet)

   [amulet of the acrobat]

   Acrobat:   It increases your evasion while moving and waiting.
   Int+3:     It affects your intelligence (+3).
   rF+:       It protects you from fire.
   rElec:     It insulates you from electricity.
 M - a +6 ring of dexterity
Talismans
 N - a dragon-blood talisman
Wands
 p - a wand of light (7)
 y - a wand of roots (13)
 J - a wand of paralysis (26)
 O - a wand of flame (40)
Scrolls
 b - 5 scrolls of teleportation
 j - a scroll of identify
 q - 3 scrolls of fear
 t - 2 scrolls of poison
 u - a scroll of noise {unknown}
 D - a scroll of summoning {unknown}
 F - a scroll of torment {unknown}
 H - a scroll of brand weapon
 I - a scroll of acquirement {unknown}
 P - 3 scrolls of revelation
 U - a scroll of fog {unknown}
 Z - a scroll of amnesia
Potions
 c - a potion of lignification
 e - 6 potions of ambrosia
 g - a potion of resistance
 h - 2 potions of cancellation
 i - 6 potions of attraction
 l - 4 potions of invisibility
 n - 2 potions of curing
 o - a potion of magic
 z - 3 potions of haste
 C - 3 potions of brilliance
 X - 4 potions of mutation


   Skills:
 - Level 15.0 Fighting
 + Level 18.3 Axes
 - Level 5.0 Throwing
 - Level 15.0 Armour
 - Level 5.0 Shields
 - Level 15.0 Invocations


You had 14 spell levels left.
You didn't know any spells.
Your spell library contained the following spells:

 Spells                   Type           Power      Damage    Failure   Level
 Apportation              Tloc           0%         N/A       92%         1
 Necrotise                Necr           0%         1d4       92%         1
 Sting                    Conj/Alch      0%         1d3       92%         1
 Ensorcelled Hibernation  Hex/Ice        0%         N/A       98%         2
 Mercury Vapours          Alch/Air       0%         N/A       98%         2
 Sublimation of Blood     Necr           0%         N/A       98%         2
 Fugue of the Fallen      Necr           0%         N/A       100%        3
 Gell's Gravitas          Tloc           0%         N/A       100%        3
 Hailstorm                Conj/Ice       0%         3d5       100%        3
 Mephitic Cloud           Conj/Alch/Air  0%         N/A       100%        3
 Stone Arrow              Conj/Erth      0%         3d7       100%        3
 Teleport Other           Tloc           0%         N/A       100%        3
 Volatile Blastmotes      Fire/Tloc      0%         2d10      100%        3
 Anguish                  Hex/Necr       0%         N/A       100%        4
 Cause Fear               Hex            0%         N/A       100%        4
 Fulminant Prism          Conj/Alch      0%         3d5       100%        4
 Iskenderun's Mystic Bla  Conj/Tloc      0%         2d3       100%        4
 Freezing Cloud           Conj/Ice/Air   0%         6-21      100%        5
 Dispersal                Tloc           0%         N/A       100%        6
 Enfeeble                 Hex            0%         N/A       100%        7
 Ozocubu's Refrigeration  Ice            0%         4d7       100%        7
 Lehudib's Crystal Spear  Conj/Erth      0%         10d2      100%        8
 Polar Vortex             Ice            0%         N/A       100%        9
 Summon Small Mammal      Summ           Unusable   N/A       N/A         1
 Call Imp                 Summ           Unusable   N/A       N/A         2
 Summon Ice Beast         Ice/Summ       Unusable   N/A       N/A         3
 Animate Armour           Summ/Erth      Unusable   N/A       N/A         4
 Sculpt Simulacrum        Ice/Alch       Unusable   N/A       N/A         6
 Summon Hydra             Summ           Unusable   N/A       N/A         7

Dungeon Overview and Level Annotations

Branches:
Dungeon (11/15)            Temple (1/1) D:5            Lair (5/5) D:11
 Shoals (0/4) Lair:3       Spider (1/4) Lair:2        Slime (0/5) Lair:4
    Orc (2/2) D:11            Elf (0/3) Orc:2        Bailey (visited)
  IceCv (visited)         Gauntlet (visited)

Altars:
Ashenzari
Cheibriados
Dithmenos
Elyvilon
Fedhas
Gozag
Hepliaklqana
Kikubaaqudgha
Makhleb
Nemelex Xobeh
Okawaru
Qazlal
Ru
Sif Muna
Trog
Uskayaw
Vehumet
Wu Jian
Xom
Yredelemnul
Zin
The Shining One
Beogh
Jiyva

Shops:
D:10 =   D:11 [   Orc:2 *:([

Annotations:
Spider:1 Donald


Innate Abilities, Weirdness & Mutations

You have a pair of horns on your head.
You reflexively headbutt those who attack you in melee.


Message History

The wolf spider hits you but does no damage.
The wolf spider bites you but does no damage.
The culicivora simulacrum closely misses you.
A radroach comes into view.
The wolf spider hits you but does no damage.
The wolf spider bites you but does no damage.
Donald hits you with a +0 scimitar!!
The culicivora simulacrum closely misses you.
You miss the culicivora simulacrum.
Your headbutt misses the culicivora simulacrum.
You slash Donald! You miss the wolf spider.
Donald hits you with a +0 scimitar!!
The wolf spider hits you but does no damage.
The wolf spider bites you but does no damage.
The culicivora simulacrum bites you but does no damage.
You slice the culicivora simulacrum like a ripe choko!!!
Lightning courses through the culicivora simulacrum!!
The culicivora simulacrum vaporises!
You slash Donald! You slash the wolf spider!
You feel less confused.
A redback comes into view.
Donald hits you with a +0 scimitar!!
* * * LOW HITPOINT WARNING * * *
The wolf spider hits you but does no damage.
The wolf spider bites you but does no damage.
The redback bites you.
* * * LOW HITPOINT WARNING * * *
The wolf spider closely misses you. x2; Donald hits you with a +0 scimitar!!
* * * LOW HITPOINT WARNING * * *
You feel better.
The redback bites you but does no damage.
Donald hits you with a +0 scimitar!
* * * LOW HITPOINT WARNING * * *
The wolf spider closely misses you.
The wolf spider bites you but does no damage.
You feel better.
The redback bites you but does no damage.
Donald hits you with a +0 scimitar!
You die...
Donald says, "Well, maybe you weren't so bad after all."

#..#....#.#
##...#....#
##.....#..##
#....#.....##
#.......#...#
##.#.#.#...#
#...^.#.B..#####
#.#..#.#s#Z.....
#.#......@@#.
#.......s#..#
#..###..#..##
### #.#..##
#....# ## B#.
s.. .... ##


You could see Donald (fast, strong, reflecting), a radroach, a wolf spider, a
redback and a tarantella simulacrum.

Vanquished Creatures
  Jorgrun (Orc:1)
  Rupert (Lair:5)
  3 orc warlords
  A minotaur (Gauntlet)
  A fire dragon (Lair:5)
  Snorg (Lair:4)
  An entropy weaver (Gauntlet)
  Fannar (Orc:1)
  7 hydras
  An ice dragon (Lair:5)
  2 ironbound frosthearts (IceCv)
  A boulder beetle (D:11)
  2 two-headed ogres
  10 death yaks
  Urug (Lair:2)
  An orc high priest (Orc:2)
  A skyshark (Lair:5)
  Nergalle (Orc:2)
  A pharaoh ant (Spider:1)
  A swamp dragon (Lair:5)
  4 orc knights
  2 lindwurms (Lair:5)
  3 wolf spiders
  3 orc sorcerers
  An ugly thing (D:10)
  2 cyclopes
  An oklob plant (D:4)
  A black mamba (Lair:1)
  3 kobold blastminers (Orc:1)
  13 elephants
  An ice statue (IceCv)
  A gargoyle (D:11)
  11 cane toads
  A minotaur zombie (Gauntlet)
  5 torpor snails (Lair:5)
  12 rime drakes
  An unseen horror (D:11)
  11 komodo dragons
  An efreet (Gauntlet)
  5 trolls
  3 tyrant leeches (Lair:5)
  7 hornets (Lair:5)
  2 tarantellas (Spider:1)
  11 polar bears
  24 blink frogs
  5 dream sheep (Lair:3)
  3 jumping spiders (Spider:1)
  4 culicivoras (Spider:1)
  A shadow (D:11)
  6 basilisks
  A vampire (D:8)
  48 yaks
  9 wyverns
  2 steam dragons
  3 wargs
  3 fire elementals (Gauntlet)
  4 redbacks
  2 vampire mosquitoes (D:10)
  A death yak simulacrum (Orc:2)
  4 acid dragons (Lair:5)
  18 water moccasins
  4 hell hounds
  2 swamp drakes (Lair:5)
  An ice beast (D:8)
  42 orc warriors
  A sky beast (D:6)
  2 black bears (D:4)
  32 wolves
  6 ogres
  4 centaurs
  9 kobold brigands (Bailey)
  Blork the orc (Orc:2)
  11 bullfrogs
  A gnoll sergeant (D:11)
  A two-headed ogre simulacrum (Orc:2)
  5 scorpions
  A cane toad simulacrum (Orc:2)
  10 wights
  An elephant simulacrum (Orc:2)
  12 killer bees
  6 hounds
  23 orc priests
  2 bombardier beetles (D:4)
  A jelly (D:7)
  2 sleepcaps
  Terence (D:3)
  7 iguanas
  23 orc wizards
  A polar bear simulacrum (Orc:2)
  11 adders
  6 gnolls
  3 naga simulacra (Orc:2)
  A white imp (D:8)
  2 ufetubi (D:6)
  A dart slug (D:2)
  4 ribbon worms
  77 orcs
  5 bats
  4 endoplasms
  2 giant cockroaches
  5 hobgoblins
  7 jackals
  14 kobolds
  5 quokkas
  3 ball pythons
  3 frilled lizards
  8 goblins
  7 rats
662 creatures vanquished.

Vanquished Creatures (others)
  A basilisk (D:11)
  A wolf (IceCv)
2 creatures vanquished.

Grand Total: 664 creatures vanquished

Notes
Turn   | Place    | Note
-------+----------+-------------------------------------------
     0 | D:1      | Doldom the Minotaur Fighter began the quest for the Orb.
     0 | D:1      | Reached XP level 1. HP: 19/19 MP: 0/0
    58 | D:1      | Found a faded altar of an unknown god.
   247 | D:1      | Found Qaetienuso's Vocational Training.
   312 | D:1      | Reached skill level 3 in Axes
   312 | D:1      | Reached XP level 2. HP: 22/26 MP: 1/1
   921 | D:2      | Found a glowing silver altar of Zin.
  1038 | D:2      | Reached XP level 3. HP: 30/31 MP: 2/2
  1208 | D:2      | Reached skill level 4 in Axes
  1435 | D:3      | Reached XP level 4. HP: 39/39 MP: 3/3
  1454 | D:3      | Reached skill level 5 in Shields
  1522 | D:3      | Found a sacrificial altar of Ru.
  1755 | D:3      | Noticed Terence
  1758 | D:3      | Killed Terence
  1759 | D:3      | Reached skill level 5 in Axes
  2027 | D:4      | Reached XP level 5. HP: 38/45 MP: 4/4
  2094 | D:4      | Reached skill level 6 in Axes
  2275 | D:4      | Noticed a black bear
  2281 | D:4      | Killed a black bear
  2282 | D:4      | Reached skill level 7 in Axes
  2282 | D:4      | Reached XP level 6. HP: 46/51 MP: 5/5
  2578 | D:4      | Reached skill level 8 in Axes
  2657 | D:4      | Reached XP level 7. HP: 57/57 MP: 6/6
  2704 | D:4      | Found a bloodstained altar of Trog.
  2794 | D:4      | Reached skill level 9 in Axes
  2828 | D:4      | Reached skill level 5 in Fighting
  2828 | D:4      | Reached skill level 5 in Armour
  3017 | D:4      | Found a blossoming altar of Fedhas.
  3040 | D:4      | Noticed an oklob plant
  3139 | D:4      | Killed an oklob plant
  3140 | D:4      | Reached XP level 8. HP: 29/68 MP: 7/7
  3344 | D:4      | Reached skill level 10 in Axes
  3558 | D:4      | Found an opulent altar of Gozag.
  3617 | D:5      | Entered Level 5 of the Dungeon
  3785 | D:5      | Reached skill level 11 in Axes
  3893 | D:5      | Found a glowing golden altar of the Shining One.
  3893 | D:5      | Found a white marble altar of Elyvilon.
  3895 | D:5      | Found a glowing silver altar of Zin.
  3933 | D:5      | Found a staircase to the Ecumenical Temple.
  3964 | Temple   | Entered the Ecumenical Temple
  4364 | D:5      | Reached XP level 9. HP: 71/74 MP: 8/8
  4527 | D:5      | Reached skill level 12 in Axes
  5606 | D:7      | Found a flagged portal.
  5621 | Bailey   | Entered a bailey
  5873 | Bailey   | Reached skill level 1 in Throwing
  5884 | Bailey   | Found a burning altar of Makhleb.
  6120 | D:7      | Reached skill level 13 in Axes
  6298 | D:7      | Reached XP level 10. HP: 86/86 MP: 9/9
  6966 | D:8      | Identified the +9 mace "Epheym Rido" {drain, Fly rCorr
                  | Int-2 Stlth+}
  7031 | D:8      | Reached skill level 14 in Axes
  7747 | D:9      | Found an iron altar of Okawaru.
  7747 | D:9      | Found a hide-covered altar of Uskayaw.
  7748 | D:9      | Found a sparkling altar of Nemelex Xobeh.
  7759 | D:9      | Became a worshipper of Warmaster Okawaru
  7770 | D:9      | Reached skill level 1 in Invocations
  7867 | D:9      | Reached skill level 15 in Axes
  8136 | D:9      | Reached * piety under Okawaru
  8382 | D:10     | Entered Level 10 of the Dungeon
  8486 | D:10     | Found a basalt altar of Yredelemnul.
  8562 | D:10     | Reached ** piety under Okawaru
  8563 | D:10     | Reached XP level 11. HP: 74/93 MP: 13/13
  8567 | D:10     | Reached skill level 5 in Invocations
  8628 | D:10     | Found Mosits's Jewellery Shoppe.
  8641 | D:10     | Bought a ring of see invisible for 195 gold pieces
  8641 | D:10     | Bought a +6 ring of strength for 468 gold pieces
  9141 | D:11     | Identified the ring "Vacisego" {Dex+4 SInv}
  9143 | D:11     | Noticed a white ugly thing
  9144 | D:11     | Noticed a four-headed hydra
  9145 | D:11     | Identified the +10 trident of Haas {pain, MP+9 Str+2
                  | Stlth+}
  9617 | D:11     | Reached skill level 10 in Armour
  9621 | D:11     | Reached *** piety under Okawaru
  9658 | D:11     | Noticed an orc knight
  9665 | D:11     | Noticed a boulder beetle
  9676 | D:11     | Killed an orc knight
  9694 | D:11     | Killed a boulder beetle
  9713 | D:11     | Found a staircase to the Orcish Mines.
  9716 | D:11     | Found Aneigeb's Armour Shop.
  9886 | D:11     | Noticed a wolf spider
  9894 | D:11     | Killed a wolf spider
 10000 | D:10     | Killed a white ugly thing
 10000 | D:10     | Reached **** piety under Okawaru
 10341 | D:11     | Killed a four-headed hydra
 10443 | D:11     | Noticed a two-headed ogre
 10449 | D:11     | Killed a two-headed ogre
 10449 | D:11     | Reached ***** piety under Okawaru
 10928 | D:11     | Found a staircase to the Lair.
 10934 | Lair:1   | Entered Level 1 of the Lair of Beasts
 10974 | Lair:1   | Reached XP level 12. HP: 103/104 MP: 17/17
 11240 | Lair:1   | Received a gift from Okawaru
 11401 | Lair:1   | Reached skill level 10 in Invocations
 11563 | Lair:1   | Noticed a death yak
 11948 | Lair:1   | Reached skill level 5 in Throwing
 12003 | Lair:1   | Noticed a death yak
 12014 | Lair:1   | Killed a death yak
 12070 | Lair:1   | Killed a death yak
 12203 | Lair:2   | Found a gate leading to a gauntlet.
 12211 | Gauntlet | Entered a Gauntlet
 12211 | Gauntlet | Found a transporter.
 12214 | Gauntlet | Found a transporter.
 12215 | Gauntlet | Found a runed translucent gate.
 12215 | Gauntlet | Found a runed translucent gate.
 12217 | Gauntlet | Found a transporter.
 12217 | Gauntlet | Noticed a great orb of eyes
 12218 | Gauntlet | Found a transporter.
 12221 | Gauntlet | Found a transporter.
 12222 | Gauntlet | Found a transporter.
 12229 | Gauntlet | Noticed a dire elephant
 12233 | Gauntlet | Found a runed translucent gate.
 12259 | Gauntlet | Found a transporter.
 12261 | Gauntlet | Noticed an entropy weaver
 12267 | Gauntlet | Found a transporter.
 12267 | Gauntlet | Found a transporter.
 12269 | Gauntlet | Found a large runed translucent door.
 12269 | Gauntlet | Found a large runed translucent door.
 12291 | Gauntlet | Found a runed translucent door.
 12296 | Gauntlet | Found a large runed translucent door.
 12296 | Gauntlet | Found a large runed translucent door.
 12312 | Gauntlet | Killed an entropy weaver
 12313 | Gauntlet | Reached skill level 10 in Fighting
 12362 | Gauntlet | Identified the ring of Ewuomaz {rF+ Str+4 Dex+2}
 12377 | Gauntlet | Found a runed translucent door.
 12377 | Gauntlet | Found a runed translucent door.
 12377 | Gauntlet | Found a large runed translucent door.
 12377 | Gauntlet | Found a large runed translucent door.
 12377 | Gauntlet | Found a large runed translucent door.
 12377 | Gauntlet | Found a large runed translucent door.
 12377 | Gauntlet | Found a large runed translucent door.
 12377 | Gauntlet | Found a large runed translucent door.
 12378 | Gauntlet | Found a large runed translucent door.
 12378 | Gauntlet | Found a large runed translucent door.
 12379 | Gauntlet | Found a large runed translucent door.
 12379 | Gauntlet | Found a large runed translucent door.
 12379 | Gauntlet | Found a large runed translucent door.
 12379 | Gauntlet | Found a large runed translucent door.
 12380 | Gauntlet | Found a runed translucent gate.
 12380 | Gauntlet | Found a runed translucent gate.
 12380 | Gauntlet | Found a runed translucent gate.
 12381 | Gauntlet | Found a transporter.
 12400 | Gauntlet | Identified the amulet of the Well-Known Runes {Acrobat
                  | rElec rF+ Int+3}
 12496 | Gauntlet | Identified the +1 orcbow of Ewonn {drain, rPois Int-2
                  | Dex+4}
 12496 | Gauntlet | Identified the ring of Fotuoss {rElec rPois rF- rC++ Dex+6}
 12496 | Gauntlet | Noticed a minotaur
 12504 | Gauntlet | Killed a minotaur
 12504 | Gauntlet | Received a gift from Okawaru
 12505 | Gauntlet | Identified the +0 ring mail of Plasticity {Rampage Regen+}
 12537 | Gauntlet | Reached skill level 16 in Axes
 13071 | Lair:2   | Noticed a six-headed hydra
 13081 | Lair:2   | Killed a six-headed hydra
 13430 | Lair:2   | Reached XP level 13. HP: 116/116 MP: 19/19
 13452 | Lair:2   | Received a gift from Okawaru
 13858 | Lair:2   | Found a hole to the Spider Nest.
 13969 | Lair:2   | Noticed Urug
 13974 | Lair:2   | Killed Urug
 13975 | Lair:2   | Reached skill level 17 in Axes
 14040 | Lair:2   | Received a gift from Okawaru
 15055 | Lair:3   | Found a staircase to the Shoals.
 15380 | Lair:4   | Found a viscous altar of Jiyva.
 15465 | Lair:4   | Found a staircase to the Slime Pits.
 15508 | Lair:4   | Received a gift from Okawaru
 15569 | Lair:4   | Noticed Snorg
 15586 | Lair:4   | Killed Snorg
 16092 | Lair:4   | Identified the +2 hand axe of the Butterfly {freeze, rElec
                  | rF- Str+6 SInv}
 16261 | Lair:4   | Reached skill level 18 in Axes
 16377 | Lair:5   | Entered Level 5 of the Lair of Beasts
 16784 | Lair:5   | Reached XP level 14. HP: 116/127 MP: 22/22
 16797 | Lair:5   | Received a gift from Okawaru
 16920 | Lair:5   | Noticed Rupert
 16933 | Lair:5   | Killed Rupert
 17329 | Lair:5   | Reached ****** piety under Okawaru
 17329 | Lair:5   | Received a gift from Okawaru
 18215 | Lair:5   | Paralysed by a hornet for 1 turns
 19060 | Orc:1    | Entered Level 1 of the Orcish Mines
 19060 | Orc:1    | Noticed an orc warlord
 19071 | D:11     | Acquired a +0 executioner's axe of electrocution
 19071 | D:11     | Received a gift from Okawaru
 19078 | D:11     | Acquired the +15 Maxwell's patent armour {-Cast -Tele rElec
                  | Will+ rCorr}
 19078 | D:11     | Received a gift from Okawaru
 19078 | D:11     | Found the +15 Maxwell's patent armour {-Cast -Tele rElec
                  | Will+ rCorr}
 19101 | Orc:1    | Killed an orc warlord
 19101 | Orc:1    | Received a gift from Okawaru
 19111 | Orc:1    | Noticed Fannar
 19193 | Orc:1    | Killed Fannar
 19487 | Orc:1    | Found a radiant altar of Vehumet.
 19487 | Orc:1    | Noticed Jorgrun
 19504 | Orc:1    | Killed Jorgrun
 19931 | Orc:2    | Entered Level 2 of the Orcish Mines
 20000 | Orc:2    | Found a frozen archway.
 20012 | Orc:2    | Noticed an orc warlord
 20027 | Orc:2    | Killed an orc warlord
 20142 | IceCv    | Entered an ice cave
 20469 | IceCv    | Received a gift from Okawaru
 20470 | IceCv    | Reached skill level 15 in Fighting
 20527 | IceCv    | Reached XP level 15. HP: 140/141 MP: 23/23
 20535 | IceCv    | Reached skill level 15 in Armour
 20754 | IceCv    | Identified the +0 barding of Piwkonk {Harm +Inv Fly rF++}
 21177 | Orc:2    | Noticed Nergalle
 21178 | Orc:2    | Found a roughly hewn altar of Beogh.
 21178 | Orc:2    | Noticed Blork the orc
 21192 | Orc:2    | Killed Nergalle
 21194 | Orc:2    | Killed Blork the orc
 21445 | Orc:2    | Found Kivaizab's Antique Armour Shoppe.
 21643 | Orc:2    | Found a staircase to the Elven Halls.
 21730 | Orc:2    | Found Ythrevo's General Store.
 21737 | Orc:2    | Bought a scroll of teleportation for 42 gold pieces
 21737 | Orc:2    | Bought a scroll of identify for 28 gold pieces
 21746 | Orc:2    | Found Ewnoawem's Book Shoppe.
 21761 | Orc:2    | Found Otycuib's Antique Weapon Shoppe.
 21816 | Orc:2    | Received a gift from Okawaru
 22296 | D:1      | Bought a manual of Evocations for 880 gold pieces
 22296 | D:1      | Bought a manual of Invocations for 880 gold pieces
 22606 | Spider:1 | Entered Level 1 of the Spider Nest
 22625 | Spider:1 | Reached skill level 15 in Invocations
 22731 | Spider:1 | Noticed Donald
 22741 | Spider:1 | HP: 2/141 [Donald/+0 scimitar (23)]
 22743 | Spider:1 | Mangled by Donald

Illustrated notes

Levels and vault maps discovered:
D:1:      doesnt_arrival_eight_statues, layout_basic,
          shapermc_ecumenical_altar_acropolis, nicolae_shop_vocational
D:2:      layout_basic, basic_altar
D:3:      layout_loops_cross, nicolae_ru_awakened_eye, nrook_campfire,
          uniq_terence
D:4:      layout_basic, marbit_many_paths, tgw_fedhas, overflow_temple_1_default
D:5:      layout_loops_ring, good_gods_temple_1, minmay_temple_entry_slanted
D:6:      layout_loops_corners
D:7:      layout_loops_ring, enter_bailey_7, minivault_11
D:8:      layout_gridville
D:9:      layout_roguey, gammafunk_temple_overflow_forgotten
D:10:     layout_loops_cross, kennysheep_mini_moat, serial_shops, shop_fountains
D:11:     layout_small_grid, erik_lair_dragon, orc_david_3,
          minmay_diamond_spiral
Temple:   chequers_temple_sunken
Lair:1:   layout_concentric_octagons, st_stairs_12, minmay_shattered_shrine
Lair:2:   layout_cave_pods, spider_nest_entry_webs, gauntlet_entry_generic,
          uniq_urug
Lair:3:   layout_loops_ring, shoals_dummy_entry, enter_volcano_3
Lair:4:   layout_long_grid, slime_entry_1, chequers_serial_rivers_micro_e,
          uniq_snorg
Lair:5:   guppyfry_lair_end_dragon, layout_small_grid, wormcave, serial_rivers,
          chequers_serial_rivers_micro_e, chequers_serial_rivers_micro_a,
          chequers_serial_rivers_micro_e, chequers_serial_rivers_micro_c,
          chequers_serial_rivers_micro_a, minivault_24,
          pdpol_lair_neglected_garden, chequers_serial_rivers_marsh,
          chequers_serial_rivers_large_a, serial_bayou_shore_b, uniq_rupert
Spider:1: layout_spider_delve, nicolae_spider_world_wide_web, uniq_donald
Orc:1:    nicolae_orc_accident_1, layout_caves, gammafunk_ghost_smash,
          special_room [special_room_orc], basic_altar, uniq_jorgrun,
          uniq_fannar
Orc:2:    grunt_orc_cross, layout_caves, portal_ice_cave_entry_ice_simulacra

Skill      XL: |  1  2  3  4  5  6  7  8  9 10 11 12 13 14 15 |
---------------+----------------------------------------------+-----
Axes           | 3 4 5 7 8 9 11 13 15 16 18 | 18.3
Shields        | 4 5 |  5.0
Fighting       | 5 7 9 11 12 15 | 15.0
Armour         | 7 9 11 12 14 15 | 15.0
Throwing       | 3 5 |  5.0
Invocations    | 4 9 10 12 13 15 | 15.0

Action                     |  1- 3 |  4- 6 |  7- 9 | 10-12 | 13-15 || total
---------------------------+-------+-------+-------+-------+-------++-------
  Melee: War axe           |    91 |    97 |    30 |       |       ||   218
         Headbutt          |    15 |     9 |    31 |    93 |   168 ||   316
         Battleaxe         |       |       |   190 |   430 |   421 ||  1041
         Mace              |       |       |       |    13 |       ||    13
         Scimitar          |       |       |       |       |    25 ||    25
         Executioner's axe |       |       |       |       |   313 ||   313
  Throw: Dart              |       |     2 |       |    15 |     4 ||    21
 Invoke: Heroism           |       |       |       |     4 |     8 ||    12
         Finesse           |       |       |       |     2 |     3 ||     5
         Receive Weapon    |       |       |       |       |     1 ||     1
         Receive Armour    |       |       |       |       |     1 ||     1
    Use: Scroll            |       |     3 |     1 |    16 |    10 ||    30
         Potion            |       |       |       |     4 |     9 ||    13
 Armour: Scale mail        |    61 |    17 |       |       |       ||    78
         Plate armour      |       |    56 |   215 |   555 |  1033 ||  1859
         Skin              |       |     1 |       |     2 |       ||     3
  Dodge: Dodged            |    51 |    30 |    64 |   180 |   460 ||   785
  Block: Buckler           |    27 |    20 |     8 |       |       ||    55
         Other             |       |       |       |    23 |       ||    23

Table legend: (Time is in decaauts)
 A = Elapsed time spent in this place.
 B = Non-inter-level travel time spent in this place.
 C = Inter-level travel time spent in this place.
 D = Time resting spent in this place.
 E = Time spent auto-exploring this place.
 F = Levels seen in this place.
 G = Mean time per level.
                   A        B        C        D        E       F      G
               +--------+--------+--------+--------+--------+-----+--------+
         Total |  22800 |  21597 |   1203 |   2044 |  15649 |  23 |  991.3 |
       Dungeon |  11111 |  10316 |    795 |    695 |   7810 |  11 | 1010.1 |
        Temple |     25 |     25 |      0 |      0 |     24 |   1 |   25.0 |
          Lair |   7591 |   7306 |    285 |    500 |   5716 |   5 | 1518.2 |
   Spider Nest |    136 |    136 |      0 |      0 |     92 |   1 |  136.0 |
  Orcish Mines |   1953 |   1832 |    121 |    521 |    999 |   2 |  976.5 |
        Bailey |    442 |    442 |      0 |     84 |    218 |   1 |  442.0 |
      Ice Cave |   1023 |   1023 |      0 |    195 |    545 |   1 | 1023.0 |
      Gauntlet |    515 |    515 |      0 |     49 |    244 |   1 |  515.0 |
               +--------+--------+--------+--------+--------+-----+--------+

Top non-repeatable levels by time:
  Lair:5: 2563 daAuts
    D:11: 2118 daAuts
     D:4: 1663 daAuts
  Lair:2: 1559 daAuts
  Lair:1: 1296 daAuts
  Lair:3: 1170 daAuts
   Orc:2: 1151 daAuts
     D:7: 1046 daAuts
   IceCv: 1023 daAuts
  Lair:4: 1001 daAuts
     D:5: 985 daAuts
     D:1: 908 daAuts
     D:8: 901 daAuts
     D:6: 881 daAuts
   Orc:1: 801 daAuts
